 Dungeon Crawl Stone Soup version 0.26-a0-712-ga5a9c9c9d0 (webtiles) character file.

Game seed: 14199028039898257402

9 MisterOstroum the Ruffian (level 2, 26/26 HPs)
             Began as a Ghoul Monk on Nov 11, 2020.
             Quit the game on level 1 of the Dungeon on Nov 17, 2020.
             The game lasted 00:01:56 (400 turns).

MisterOstroum the Ruffian (Ghoul Monk)               Turns: 400, Time: 00:01:56

Health: 26/26      AC:  2    Str: 14    XL:     2   Next: 16%
Magic:  1/1        EV: 12    Int:  5    God:
Gold:   25         SH:  0    Dex: 11    Spells: 1/1 levels left

rFire    . . .     SeeInvis .     - Unarmed
rCold    + . .     Faith    .   (no shield)
rNeg     + + +     Spirit   .   a - +0 robe
rPois    ∞         Reflect  .   (no helmet)
rElec    .         Harm     .   (no cloak)
rCorr    .         Rampage  .   (no gloves)
MR       .....                  (no boots)
Stlth    ++........             (no amulet)
HPRegen  0.00/turn              (no ring)
MPRegen  0.07/turn              (no ring)

@: no status effects
A: rotting body, claws 1, cold resistance 1, negative energy resistance 3,
inhibited regeneration, torment resistance, unbreathing
a: no special abilities


You were on level 1 of the Dungeon.
You visited 1 branch of the dungeon, and saw 1 of its levels.

You collected 25 gold pieces.

Inventory:

Armour
 a - a +0 robe (worn)
 e - a +0 pair of gloves
Scrolls
 b - a scroll of identify {unknown}
 c - a scroll of blinking {unknown}
 d - 2 scrolls of teleportation {unknown}
Potions
 f - a potion of magic {unknown}


   Skills:
 + Level 3.5 Fighting
 - Level 2.6 Dodging
 - Level 2.1 Stealth
 * Level 3.7 Unarmed Combat


You had one spell level left.
You didn't know any spells.
Your spell library was empty.

Dungeon Overview and Level Annotations

Branches:
Dungeon (1/15)

Altars:


Innate Abilities, Weirdness & Mutations

Your body is rotting away.
You thrive by killing the living.
You are immune to poison.
You have sharp fingernails.
Your flesh is cold resistant. (rC+)
You are immune to negative energy. (rN+++)
You do not regenerate when monsters are visible.
You are immune to unholy pain and torment.
You can survive without breathing.


Message History

You kill the bat!
You see here a bat corpse.
Unknown command.
Unknown command.
Unknown command.
Unknown command.
Unknown command.
You see here a +0 dagger.
Unknown command.
Saving game... please wait.
Welcome back, MisterOstroum the Ghoul Monk.
Press ? for a list of commands and other information.
Number of times to repeat, then command key: 9 Enter command to be repeated: Unknown command, not repeating.
HP restored.
d - 2 scrolls labeled NEZAXEMITU (gained 1)
A dart slug comes into view.
The helpless dart slug fails to defend itself.
You claw the dart slug!
The dart slug is severely wounded.
The dart slug bites you but does no damage.
You scratch the dart slug.
The dart slug is almost dead.
You claw the dart slug!
You kill the dart slug!
No target in view!
You now have 21 gold pieces (gained 11).
e - a pair of gloves No target in view! 2 bats come into view.
There are monsters nearby!
There are monsters nearby!
The helpless bat fails to defend itself.
You claw the bat!
You kill the bat!
The bat misses you.
You closely miss the bat. The bat misses you.
You scratch the bat but do no damage. The bat hits you but does no damage.
You closely miss the bat. The bat hits you but does no damage. x2
You scratch the bat.
You kill the bat!
No target in view!
No target in view!
No target in view!
No target in view!
You see here a bat corpse.
A leopard gecko comes into view.
A leopard gecko is nearby!
A leopard gecko is nearby!
A goblin comes into view.
The goblin shouts!
The leopard gecko hisses angrily.
You scratch the goblin.
The goblin is moderately wounded.
The goblin closely misses you.
You scratch the goblin but do no damage.
The goblin is moderately wounded.
The goblin completely misses you.
You closely miss the goblin.
The goblin is moderately wounded.
The leopard gecko closely misses you. The goblin closely misses you.
You scratch the goblin.
The goblin is heavily wounded.
The leopard gecko bites you but does no damage.
The goblin closely misses you.
You barely miss the goblin.
The goblin is heavily wounded.
The leopard gecko bites you. The goblin hits you but does no damage.
You scratch the goblin.
You kill the goblin!
You have reached level 2!
The leopard gecko barely misses you. The leopard gecko closely misses you.
You scratch the leopard gecko.
The leopard gecko is almost dead.
The leopard gecko barely misses you.
You scratch the leopard gecko.
You kill the leopard gecko!
No target in view!
No target in view!
No target in view!
No target in view!
You see here a goblin corpse.
Found 2 boomerangs.
You see here 2 boomerangs.
You now have 25 gold pieces (gained 4).
You see here a goblin corpse.
You see here a leopard gecko corpse.
Found 29 bolts.
f - an amethyst potion No target in view!
No target in view!
No target in view!
No target in view!
No target in view!
You see here 29 bolts.
A frilled lizard comes into view.
You see here 18 gold pieces.
A frilled lizard is nearby!
A frilled lizard is nearby!
Are you sure you want to abandon this character and quit the game? (Confirm with "yes".)

#.# #.# #.# #.#
#.# #.# #.# #..
#.### ## #...#
###.#
####.#######
#........(@#
#............#
.....#.#####.###
...##.#.# #.# ..
..#.# #.# . ##
#.# #.# #.# #.#
#. l.#


You could see a frilled lizard (asleep).

Vanquished Creatures
  A dart slug (D:1)
  A leopard gecko (D:1)
  2 goblins (D:1)
  3 bats (D:1)
7 creatures vanquished.

Notes
Turn   | Place    | Note
-------+----------+-------------------------------------------
     0 | D:1      | MisterOstroum the Ghoul Monk began the quest for the Orb.
     0 | D:1      | Reached XP level 1. HP: 19/19 MP: 0/0
   262 | D:1      | Reached XP level 2. HP: 21/26 MP: 1/1
   400 | D:1      | Quit the game

Illustrated notes

Levels and vault maps discovered:
D:1:      dpeg_arrival_simpleton_a, layout_loops_ring, minmay_tromino_v4_a

Action                   || total
-------------------------++-------
Melee: Unarmed           ||    27
 Stab: Sleeping          ||     2
Armor: Robe              ||    11
Dodge: Dodged            ||    23

Table legend: (Time is in decaauts)
 A = Elapsed time spent in this place.
 B = Non-inter-level travel time spent in this place.
 C = Inter-level travel time spent in this place.
 D = Time resting spent in this place.
 E = Time spent auto-exploring this place.
 F = Levels seen in this place.
 G = Mean time per level.
                   A        B        C        D        E       F      G
               +--------+--------+--------+--------+--------+-----+--------+
         Total |    398 |    398 |      0 |      0 |    348 |   1 |  398.0 |
       Dungeon |    398 |    398 |      0 |      0 |    348 |   1 |  398.0 |
               +--------+--------+--------+--------+--------+-----+--------+

Top non-repeatable levels by time:
     D:1: 398 daAuts
